 Dungeon Crawl Stone Soup version 0.31-a0-37-g98a128e1d9 (webtiles) character file.

Game seed: 15872178601904662021

772 frimble the Slasher (level 7, 0/56 HPs)
             Began as a Gnoll Reaver on May 15, 2023.
             Was a Believer of Cheibriados.
             Succumbed to miscasting Olgreb's Toxic Radiance's poison
             ... on level 5 of the Dungeon.
             The game lasted 00:08:42 (4433 turns).

frimble the Slasher (Gnoll Reaver)                  Turns: 4433, Time: 00:08:43

Health: 0/56       AC:  4    Str: 17    XL:     7   Next: 83%
Magic:  9/15       EV: 14    Int: 19    God:    Cheibriados [**....]
Gold:   1475       SH:  0    Dex: 15    Spells: 11/17 levels left

rFire   . . .        b - +2 short sword (venom)
rCold   . . .        (no shield)
rNeg    + . .        h - +0 leather armour
rPois   .            (no helmet)
rElec   .            (no cloak)
rCorr   .            d - +0 pair of gloves
SInv    .            (no boots)
Will    .....        (no amulet)
Stlth   ++           f - ring of positive energy
HPRegen 0.29/turn    (no ring)
MPRegen 0.14/turn

%: no passive effects
@: lethally poisoned (0 -> -3), on blink cooldown, very slow
A: fangs 1, strong nose, distributed training, no potion heal 1
a: Renounce Religion, Bend Time


You were on level 5 of the Dungeon.
You worshipped Cheibriados.
Cheibriados was pleased with you.
You visited 1 branch of the dungeon, and saw 5 of its levels.

You collected 1475 gold pieces.

Inventory:

Hand Weapons
 a - a +0 falchion
 b - a +2 short sword of venom (weapon)
Armour
 d - a +0 pair of gloves (worn)
 h - a +0 leather armour (worn)
Jewellery
 f - a ring of positive energy (left hand)
Scrolls
 e - a scroll of vulnerability
 i - 2 scrolls of teleportation
 j - a scroll of fear
 l - a scroll of fog
Potions
 k - a potion of attraction {unknown}
 m - a potion of resistance {unknown}


   Skills:
 + Level 5.4 Fighting
 + Level 2.8 Short Blades
 + Level 7.2 Long Blades
 + Level 2.8 Axes
 + Level 2.8 Maces & Flails
 + Level 2.8 Polearms
 + Level 2.8 Staves
 + Level 2.8 Ranged Weapons
 + Level 2.8 Throwing
 + Level 2.8 Armour
 + Level 5.4 Dodging
 + Level 2.8 Stealth
 + Level 2.8 Shields
 + Level 2.8 Unarmed Combat
 + Level 5.8 Spellcasting
 + Level 6.0 Conjurations
 + Level 2.3 Hexes
 + Level 2.3 Summonings
 + Level 2.3 Necromancy
 + Level 2.3 Translocations
 + Level 2.3 Transmutations
 + Level 2.3 Fire Magic
 + Level 2.3 Ice Magic
 + Level 2.3 Air Magic
 + Level 2.3 Earth Magic
 + Level 2.3 Poison Magic
 + Level 3.1 Invocations
 + Level 2.8 Evocations


You had 11 spell levels left.
You knew the following spells:

 Your Spells              Type           Power      Damage    Failure   Level
a - Blink                 Tloc           28%        N/A       8%          2
b - Olgreb's Toxic Radia  Pois           14%        N/A       45%         4

Your spell library contained the following spells:

 Spells                   Type           Power      Damage    Failure   Level
 Kiss of Death            Conj/Necr      84%        2d11      2%          1
 Shock                    Conj/Air       84%        1d8       2%          1
 Momentum Strike          Conj/Tloc      42%        3d9       3%          2
 Lesser Beckoning         Tloc           28%        N/A       8%          2
 Sublimation of Blood     Necr           14%        N/A       8%          2
 Wereblood                Tmut           14%        N/A       8%          2
 Hailstorm                Conj/Ice       21%        3d6       8%          3
 Swiftness                Air            14%        N/A       16%         3
 Airstrike                Air            7%         2d(1-17)  45%         4
 Summon Hydra             Summ           7%         N/A       100%        7
 Discord                  Hex            7%         N/A       100%        8
 Ignition                 Fire           7%         3d4       100%        8


Dungeon Overview and Level Annotations

Branches:
Dungeon (5/15)             Temple (0/1) D:5

Altars:
Ashenzari
Cheibriados
Okawaru
Trog
Vehumet
Xom
Zin

Annotations:
D:4 1 runed translucent door, exclusions: orc priest and 1 more exclusion


Innate Abilities, Weirdness & Mutations

You have very sharp teeth.
Your uncanny sense of smell can sniff out nearby items.
Your experience applies equally to all skills.
Potions are less effective at restoring your health.


Message History

The gnoll hits you from afar with a +3 halberd!
You are too injured to fight recklessly!
You are too injured to fight recklessly!
You are too injured to fight recklessly!
You are too injured to fight recklessly!
You are too injured to fight recklessly!
You are too injured to fight recklessly!
The gnoll closely misses you. The gnoll misses you.
You hit the gnoll.
The gnoll looks as sick as possible!
Your bite misses the gnoll.
The gnoll is severely wounded.
The gnoll hits you with a +0 club.
The gnoll hits you from afar with a +3 halberd!
You aren't carrying any items that you can evoke.
Casting: Olgreb's Toxic Radiance (quite dangerous; 45% risk of failure)
Confirm with . or Enter, or press ? or * to list all spells.
The spell is quite dangerous to miscast (45% risk of failure)!
Continue anyway?
Okay, then.
Casting: Olgreb's Toxic Radiance (quite dangerous; 45% risk of failure)
Confirm with . or Enter, or press ? or * to list all spells.
You blink.
Casting: Blink (safe; 8% risk of failure)
Confirm with . or Enter, or press ? or * to list all spells.
The spell is quite dangerous to miscast (45% risk of failure)!
Continue anyway?
You miscast Olgreb's Toxic Radiance.
You are very lightly contaminated with residual magic.
You feel incredibly sick!
You are poisoned.
* * * LOW HITPOINT WARNING * * *
You feel sick.
You kill the gnoll!
Cheibriados appreciates the change of pace.
It was a potion of mutation.
You feel extremely strange.
Your system partially rejects the healing effects of potions.
You feel sick.
The gnoll hits you from afar with a +3 halberd!
* * * LOW HITPOINT WARNING * * *
It was a potion of cancellation.
You feel magically purged.
Your magical contamination has completely faded away.
You die...

#.##..........# #..
#.##...##.....####..
#.###.###...........
#####)###.###.....###...
........).#...<...........
..........#............#..
.........g#..............#
..........#............#.#
.#.......@#.....#####..#.#
####.....####### #..#.#
##..... #....# ##...##
##.## #...# ..### ##. ..


You could see a gnoll.

Vanquished Creatures
  A sky beast (D:3)
  A bullfrog (D:5)
  A scorpion (D:5)
  4 crimson imps (D:4)
  A hound (D:4)
  An orc priest (D:5)
  A jelly (D:5)
  2 iguanas (D:4)
  An orc wizard (D:5)
  2 hound zombies (D:3)
  2 gnolls (D:5)
  8 adders
  A white imp (D:5)
  An ufetubus (D:4)
  3 dart slugs
  7 orcs
  6 endoplasms
  5 giant cockroaches
  8 goblins
  9 hobgoblins
  5 jackals
  7 kobolds
  7 quokkas
  7 ball pythons
  7 bats
  8 frilled lizards
  A giant cockroach zombie (D:3)
  A jackal skeleton (D:3)
  A quokka skeleton (D:3)
  8 rats
117 creatures vanquished.

Vanquished Creatures (others)
  An orc wizard (D:5)
1 creature vanquished.

Grand Total: 118 creatures vanquished

Notes
Turn   | Place    | Note
-------+----------+-------------------------------------------
     0 | D:1      | frimble the Gnoll Reaver began the quest for the Orb.
     0 | D:1      | Reached XP level 1. HP: 20/20 MP: 6/6
    61 | D:1      | Reached XP level 2. HP: 16/26 MP: 7/7
   447 | D:1      | Reached skill level 5 in Spellcasting
   447 | D:1      | Reached XP level 3. HP: 25/31 MP: 7/9
   788 | D:2      | Reached skill level 1 in Invocations
   875 | D:2      | Reached skill level 1 in Short Blades
   875 | D:2      | Reached skill level 1 in Axes
   875 | D:2      | Reached skill level 1 in Maces & Flails
   875 | D:2      | Reached skill level 1 in Polearms
   875 | D:2      | Reached skill level 1 in Staves
   875 | D:2      | Reached skill level 1 in Ranged Weapons
   875 | D:2      | Reached skill level 1 in Throwing
   875 | D:2      | Reached skill level 1 in Armour
   875 | D:2      | Reached skill level 1 in Stealth
   875 | D:2      | Reached skill level 1 in Shields
   875 | D:2      | Reached skill level 1 in Unarmed Combat
   875 | D:2      | Reached skill level 1 in Evocations
  1064 | D:2      | Reached XP level 4. HP: 35/38 MP: 11/11
  1095 | D:2      | Found a shimmering altar of Xom.
  1423 | D:2      | Identified a scroll of acquirement
  1423 | D:2      | Acquired 1295 gold pieces
  1450 | D:3      | Reached skill level 1 in Hexes
  1450 | D:3      | Reached skill level 1 in Summonings
  1450 | D:3      | Reached skill level 1 in Necromancy
  1450 | D:3      | Reached skill level 1 in Translocations
  1450 | D:3      | Reached skill level 1 in Transmutations
  1450 | D:3      | Reached skill level 1 in Fire Magic
  1450 | D:3      | Reached skill level 1 in Ice Magic
  1450 | D:3      | Reached skill level 1 in Air Magic
  1450 | D:3      | Reached skill level 1 in Earth Magic
  1450 | D:3      | Reached skill level 1 in Poison Magic
  1451 | D:3      | Found a glowing silver altar of Zin.
  1502 | D:3      | Noticed a sky beast
  1521 | D:3      | Killed a sky beast
  1522 | D:3      | Reached XP level 5. HP: 18/43 MP: 12/12
  1687 | D:3      | Found a snail-covered altar of Cheibriados.
  1707 | D:3      | Learned a level 4 spell: Olgreb's Toxic Radiance
  1707 | D:3      | Became a worshipper of Cheibriados the Contemplative
  1862 | D:3      | Found a radiant altar of Vehumet.
  2014 | D:3      | Found a broken altar of Ashenzari.
  2031 | D:3      | Reached * piety under Cheibriados
  2090 | D:3      | Reached XP level 6. HP: 50/50 MP: 13/13
  2409 | D:4      | Reached skill level 5 in Fighting
  2409 | D:4      | Reached skill level 5 in Dodging
  2413 | D:4      | Identified the +5 hand axe of Circularity {heavy, rElec
                  | Will+ Str-4}
  2632 | D:4      | Found a shimmering altar of Xom.
  2871 | D:4      | Found a runed translucent gate.
  3041 | D:4      | Reached skill level 7 in Long Blades
  3041 | D:4      | Reached XP level 7. HP: 50/56 MP: 15/15
  3096 | D:4      | Found an iron altar of Okawaru.
  3687 | D:5      | Entered Level 5 of the Dungeon
  3709 | D:5      | Reached ** piety under Cheibriados
  3890 | D:5      | Found a bloodstained altar of Trog.
  3915 | D:5      | Acquired a book of Spatial Translocations
  3920 | D:5      | Learned a level 2 spell: Blink
  4265 | D:5      | Found a staircase to the Ecumenical Temple.
  4432 | D:5      | Gained mutation: Potions are less effective at restoring
                  | your health. [potion of mutation]
  4432 | D:5      | HP: 1/56 [gnoll/+3 halberd (8)]
  4433 | D:5      | Succumbed to miscasting Olgreb's Toxic Radiance's poison

Illustrated notes

Levels and vault maps discovered:
D:1:      ldierk_walled_garden, layout_rooms
D:2:      layout_basic, basic_altar
D:3:      layout_rooms, mainiacjoe_overflow_alcove_1, zin_academy,
          evilmike_ruin_ashenzari, mainiacjoe_overflow_boulevard, serial_undead,
          serial_undead_d, serial_undead_f, serial_undead_f, serial_undead_a
D:4:      layout_basic, led_xom_imps, okawaru_metal_pillars_3,
          biasface_ghost_orc_armoury
D:5:      layout_basic, mainiacjoe_overflow_catwalk, minmay_temple_entry_grid,
          gup_sewer_entry_pipe, interstate_on_off

Skill      XL: |  1  2  3  4  5  6  7 |
---------------+----------------------+-----
Spellcasting   | 5 |  5.8
Invocations    | 1 2 3 |  3.1
Short Blades   | 1 2 |  2.8
Axes           | 1 2 |  2.8
Maces & Flails | 1 2 |  2.8
Polearms       | 1 2 |  2.8
Staves         | 1 2 |  2.8
Ranged Weapons | 1 2 |  2.8
Throwing       | 1 2 |  2.8
Armour         | 1 2 |  2.8
Stealth        | 1 2 |  2.8
Shields        | 1 2 |  2.8
Unarmed Combat | 1 2 |  2.8
Evocations     | 1 2 |  2.8
Hexes          | 1 2 |  2.3
Summonings     | 1 2 |  2.3
Necromancy     | 1 2 |  2.3
Translocations | 1 2 |  2.3
Transmutations | 1 2 |  2.3
Fire Magic     | 1 2 |  2.3
Ice Magic      | 1 2 |  2.3
Air Magic      | 1 2 |  2.3
Earth Magic    | 1 2 |  2.3
Poison Magic   | 1 2 |  2.3
Fighting       | 5 |  5.4
Dodging        | 5 |  5.4
Long Blades    | 7 |  7.2
Conjurations   | 6 |  6.0

Action                     |  1- 3 |  4- 6 |  7- 9 || total
---------------------------+-------+-------+-------++-------
  Melee: Falchion          |    47 |    86 |       ||   133
         Bite              |    15 |    24 |     9 ||    48
         Short sword       |    21 |   107 |   120 ||   248
         Dagger            |    60 |    57 |       ||   117
         Punch             |       |     2 |     4 ||     6
   Cast: Kiss of Death     |       |     1 |       ||     1
         Blink             |       |       |     1 ||     1
    Use: Scroll            |       |     7 |     2 ||     9
         Potion            |       |     3 |     2 ||     5
   Stab: Sleeping          |       |     2 |       ||     2
         Invisible         |       |     1 |       ||     1
         Distracted        |       |       |     1 ||     1
 Armour: Leather armour    |    26 |    59 |    12 ||    97
  Dodge: Dodged            |    85 |   150 |    67 ||   302

Table legend: (Time is in decaauts)
 A = Elapsed time spent in this place.
 B = Non-inter-level travel time spent in this place.
 C = Inter-level travel time spent in this place.
 D = Time resting spent in this place.
 E = Time spent auto-exploring this place.
 F = Levels seen in this place.
 G = Mean time per level.
                   A        B        C        D        E       F      G
               +--------+--------+--------+--------+--------+-----+--------+
         Total |   5094 |   4960 |    134 |      2 |   3839 |   5 | 1018.8 |
       Dungeon |   5094 |   4960 |    134 |      2 |   3839 |   5 | 1018.8 |
               +--------+--------+--------+--------+--------+-----+--------+

Top non-repeatable levels by time:
     D:4: 1611 daAuts
     D:3: 1133 daAuts
     D:5: 906 daAuts
     D:2: 752 daAuts
     D:1: 690 daAuts
